 Dungeon Crawl Stone Soup version 0.21.1-1-g345015f (webtiles) character file.

11696 VLARC the Gelid (level 11, -4/63 HPs)
             Began as a Deep Elf Ice Elementalist on Mar 20, 2018.
             Was a High Priest of Vehumet.
             Slain by a redback (12 damage)
             ... on level 1 of the Lair of Beasts on Mar 21, 2018.
             The game lasted 00:48:11 (15899 turns).

VLARC the Gelid (Deep Elf Ice Elementalist)        Turns: 15899, Time: 00:48:12

Health: -4/63      AC: 15    Str: 13    XL:     11   Next: 52%
Magic:  1/17       EV: 11    Int: 22    God:    Vehumet [*****.]
Gold:   688        SH:  3    Dex: 15    Spells: 3/16 levels left

rFire    . . .     SeeInvis .   R - +4 spear (flame)
rCold    + . .     Gourm    .   B - +0 buckler
rNeg     . . .     Faith    .   S - +1 leather armour of Lies {+Blink Str+8 Int-2}
rPois    .         Spirit   .   x - +0 helmet
rElec    .         Reflect  .   E - +0 cloak
rCorr    .         Harm     .   m - +1 pair of gloves
MR       +....                  (no boots)
Stlth    ++........             v - amulet of regeneration
HPRegen  0.60/turn              o - ring of protection from cold
MPRegen  0.15/turn              (no ring)

@: lethally poisoned (-4 -> -23), icy armour, slow
A: talons 2
a: Renounce Religion, Evoke Blink


You were on level 1 of the Lair of Beasts.
You worshipped Vehumet.
Vehumet was extremely pleased with you.
You were very hungry.

You visited 3 branches of the dungeon, and saw 14 of its levels.

You collected 688 gold pieces.

Inventory:

Hand Weapons
 Q - a +2 vampiric trident
 R - a +4 spear of flaming (weapon)
Armour
 m - a +1 pair of gloves (worn)
 x - a +0 helmet (worn)
 B - a +0 buckler (worn)
 E - a +0 cloak (worn)
 F - a +1 leather armour of cold resistance
 S - the +1 leather armour of Lies (worn) {+Blink Str+8 Int-2}
   (You found it on level 1 of the Lair of Beasts)

   It affects your strength (+8).
   It affects your intelligence (-2).
   It lets you blink.
Jewellery
 o - a ring of protection from cold (left hand)
 v - an amulet of regeneration (around neck)
 y - a +4 ring of intelligence {unknown}
 L - an uncursed ring of flight {unknown}
 M - an uncursed ring of poison resistance {unknown}
 O - a +6 ring of dexterity {unknown}
 P - an uncursed ring of positive energy {unknown}
Wands
 a - a wand of random effects (57)
 e - a wand of acid (4)
 j - a wand of iceblast (3)
 q - a wand of flame (20)
 A - a wand of digging (23)
 C - a wand of polymorph (38)
 T - a wand of disintegration (7)
Scrolls
 d - 5 scrolls of remove curse
 g - a scroll of summoning {unknown}
 k - a scroll of fog {unknown}
 n - a scroll of enchant armour
 r - 3 scrolls of blinking
 s - 7 scrolls of identify
 t - a scroll of amnesia
 u - 12 scrolls of teleportation
 I - 2 scrolls of enchant weapon
 J - a scroll of fear
 N - 4 scrolls of magic mapping
Potions
 c - 3 potions of lignification
 h - 2 potions of might
 i - a potion of haste
 l - a potion of magic {unknown}
 p - 3 potions of degeneration {unknown}
 w - 2 potions of curing {unknown}
 z - a potion of heal wounds
 D - 2 potions of flight {unknown}
 G - a potion of invisibility {unknown}
 H - 4 potions of resistance {unknown}
Books
 b - a book of Frost

   Spells                             Type                      Level
   a - Freeze                         Ice                          1
   b - Throw Frost                    Conjuration/Ice              2
   c - Ozocubu's Armour               Charms/Ice                   3
   d - Throw Icicle                   Conjuration/Ice              4
   e - Summon Ice Beast               Ice/Summoning                4
 U - a book of Summonings

   Spells                             Type                      Level
   a - Recall                         Summoning/Translocation      3
   b - Aura of Abjuration             Summoning                    5
   c - Summon Demon                   Summoning                    5
   d - Summon Forest                  Summoning/Translocation      5
   e - Summon Mana Viper              Hexes/Summoning              5
   f - Shadow Creatures               Summoning                    6
Miscellaneous
 K - a box of beasts
Comestibles
 f - 20 rations
 V - 4 chunks of flesh


   Skills:
 - Level 5.0 Fighting
 - Level 2.4 Dodging
 - Level 2.4 Stealth
 - Level 3.0 Spellcasting
 + Level 5.4 Conjurations
 - Level 8.0 Summonings
 + Level 5.8 Necromancy
 - Level 15.0 Ice Magic


You had 3 spell levels left.
You knew the following spells:

 Your Spells              Type           Power        Failure   Level  Hunger
a - Freeze                Ice            ####         1%          1    None
b - Ozocubu's Armour      Chrm/Ice       #####...     3%          3    ###....
c - Summon Ice Beast      Ice/Summ       ######..     2%          4    ####...
d - Bolt of Draining      Conj/Necr      ####......   17%         5    ######.


Dungeon Overview and Level Annotations

Branches:
Dungeon (11/15)            Temple (1/1) D:6            Lair (2/6) D:11
  Swamp: Lair:2-4    Shoals: Lair:2-4     Snake: Lair:2-4    Spider: Lair:2-4
    Orc: D:9-12

Altars:
Ashenzari
Cheibriados
Fedhas
Gozag
Hepliaklqana
Makhleb
Nemelex Xobeh
Okawaru
Uskayaw
Vehumet
Xom
Yredelemnul
Zin

Shops:
D:5 (   D:9 [

Annotations:
D:8 thog


Innate Abilities, Weirdness & Mutations

You have razor-sharp toenails.


Message History

You feel very sick. The redback closely misses you.
* * * LOW HITPOINT WARNING * * *
You feel very sick. The redback barely misses you.
There is a stone staircase leading up here.
* * * LOW HITPOINT WARNING * * *
You feel very sick. The redback barely misses you.
You climb upwards.
* * * LOW HITPOINT WARNING * * *
You feel very sick.
There is a stone staircase leading down here.
Casting: Summon Ice Beast
Confirm with . or Enter, or press ? or * to list all spells.
A chill wind blows around you.
* * * LOW HITPOINT WARNING * * *
You feel very sick. The redback bites you!
You die...

#.........................
#......<..................
##.........................
#..P##....##....##########.
##.##...#.##...## #.
##.#.#.#.##...# #########.
#.......Y.#...###.....#.#.
##.#.#.#.##.....'.....'.+.
#.......s@.....####..####.
##.#.#.#.##...P# ##..###.
#.........#....#####.#.#..
###(#.#.#.#................
#..........................
#.#.#.#.#.#................
#..........................
##.........................
#.........[...............


You could see a redback and a friendly ice beast.

Vanquished Creatures
  A hydra (Lair:2)
  2 two-headed ogres (D:8)
  A spiny frog (Lair:2)
  2 komodo dragons
  A blink frog (Lair:1)
  A yak (D:11)
  The ghost of Redear the Skirmisher, an amateur HOFi of Gozag (D:5)
  A hungry ghost (D:9)
  Edmund (D:6)
  2 water moccasins (Lair:2)
  5 porcupines
  3 ice beasts
  2 sky beasts
  An orc warrior (D:10)
  4 ogres
  2 phantoms
  A centaur (D:8)
  A crocodile (Lair:1)
  A big kobold (D:7)
  3 bullfrogs
  7 scorpions
  8 killer bees
  2 wights (D:9)
  The ghost of keltmir the Grave Robber, a weakling DsNe (D:3)
  2 howler monkeys
  2 crimson imps
  4 quasits
  3 hounds
  2 jellies
  3 orc priests
  4 orc wizards
  Crazy Yiuf (D:3)
  Ijyb (D:4)
  Terence (D:3)
  3 iguanas
  9 worker ants
  A hound zombie (D:5)
  A hound skeleton (D:10)
  A worker ant zombie (D:7)
  Robin (D:3)
  A gnoll (D:11)
  14 adders
  A shadow imp (D:8)
  4 oozes
  An adder zombie (D:8)
  2 adder skeletons (D:4)
  3 worms
  3 dart slugs
  8 leopard geckos
  23 orcs
  3 ball pythons
  8 bats
  6 giant cockroaches
  13 goblins
  12 hobgoblins
  13 jackals
  5 quokkas
  6 frilled lizards
  14 kobolds
  A leopard gecko skeleton (D:4)
  A leopard gecko zombie (D:8)
  A quokka skeleton (D:5)
  10 rats
246 creatures vanquished.

Vanquished Creatures (collateral kills)
  3 two-headed ogres (D:9)
  A manticore (D:10)
  3 spiny frogs
  A komodo dragon (Lair:1)
  A jumping spider (Lair:2)
  3 blink frogs
  A slime creature (D:11)
  2 hippogriffs
  2 shadows
  3 yaks
  A wyvern (D:10)
  A basilisk (Lair:1)
  4 wargs (D:10)
  3 water moccasins
  An orc warrior (D:10)
  2 sky beasts
  2 ogres (D:10)
  2 crocodiles (Lair:2)
  4 wolves (Lair:1)
  A big kobold (D:9)
  2 bullfrogs (D:11)
  A gnoll sergeant (D:11)
  2 wyvern zombies
  7 killer bees (D:10)
  5 wights (D:9)
  A crimson imp (D:10)
  A bullfrog skeleton (D:10)
  4 jellies (D:11)
  2 orc wizards (D:10)
  2 worker ants (D:10)
  3 gnolls (D:11)
  12 oozes (D:11)
  7 orcs (D:10)
90 creatures vanquished.

Vanquished Creatures (others)
  A kobold (D:9)
  4 fungi (D:11)
  5 plants
10 creatures vanquished.

Grand Total: 346 creatures vanquished

Notes
Turn   | Place    | Note
-------+----------+-------------------------------------------
     0 | D:1      | VLARC the Deep Elf Ice Elementalist began the quest for the Orb.
     0 | D:1      | Reached XP level 1. HP: 10/10 MP: 6/6
   231 | D:1      | Reached skill level 4 in Ice Magic
   231 | D:1      | Reached XP level 2. HP: 11/15 MP: 5/8
   801 | D:2      | Reached XP level 3. HP: 16/19 MP: 4/9
  1009 | D:2      | Reached skill level 5 in Ice Magic
  1171 | D:2      | Found a faded altar of an unknown god.
  1230 | D:2      | Reached XP level 4. HP: 22/24 MP: 0/10
  1559 | D:2      | Found a sparkling altar of Nemelex Xobeh.
  1968 | D:3      | Learned a level 3 spell: Ozocubu's Armour
  1974 | D:3      | Noticed Robin
  2122 | D:3      | Reached skill level 6 in Ice Magic
  2448 | D:3      | Reached XP level 5. HP: 27/28 MP: 4/11
  2564 | D:3      | Killed Robin
  2793 | D:3      | Noticed keltmir's ghost (weakling DsNe)
  2798 | D:3      | Killed keltmir's ghost
  2798 | D:3      | Reached skill level 7 in Ice Magic
  2938 | D:3      | Noticed Terence
  2951 | D:3      | Killed Terence
  3047 | D:3      | Found a shattered altar of Ashenzari.
  3431 | D:3      | Found a runed door.
  3437 | D:3      | Noticed Crazy Yiuf
  3440 | D:3      | Killed Crazy Yiuf
  3440 | D:3      | Reached XP level 6. HP: 32/32 MP: 6/12
  3599 | D:4      | Noticed Ijyb
  3614 | D:4      | Killed Ijyb
  3752 | D:4      | Reached skill level 8 in Ice Magic
  4057 | D:4      | Gained mutation: You have sharp toenails. [potion of mutation]
  4057 | D:4      | Gained mutation: You have razor-sharp toenails. [potion of mutation]
  4057 | D:4      | HP: 1/32 [poisoned by a scorpion]
  4060 | D:4      | Reached skill level 9 in Ice Magic
  4060 | D:4      | Reached XP level 7. HP: 27/36 MP: 6/13
  4427 | D:5      | Entered Level 5 of the Dungeon
  4504 | D:5      | Noticed Redear's ghost (amateur HOFi)
  4542 | D:5      | Killed Redear's ghost
  4680 | D:5      | Found Ovysu's Antique Weapon Emporium.
  4972 | D:5      | Reached skill level 10 in Ice Magic
  5023 | D:5      | Found an opulent altar of Gozag.
  5991 | D:6      | Reached XP level 8. HP: 36/41 MP: 7/14
  6126 | D:6      | Found a staircase to the Ecumenical Temple.
  6141 | Temple   | Entered the Ecumenical Temple
  6173 | Temple   | Became a worshipper of Vehumet
  6286 | D:6      | Noticed Edmund
  6297 | D:6      | Killed Edmund
  6297 | D:6      | Reached skill level 11 in Ice Magic
  7058 | D:7      | Reached skill level 12 in Ice Magic
  8212 | D:8      | Reached * piety under Vehumet
  8212 | D:8      | Offered knowledge of Sting by Vehumet.
  8255 | D:8      | Reached XP level 9. HP: 45/45 MP: 11/15
  8281 | D:8      | Noticed a two-headed ogre
  8288 | D:8      | Killed a two-headed ogre
  8288 | D:8      | Reached skill level 13 in Ice Magic
  8371 | D:8      | Found a burning altar of Makhleb.
  8435 | D:8      | Found a blossoming altar of Fedhas.
  8559 | D:8      | Noticed a two-headed ogre
  8616 | D:8      | Reached skill level 14 in Ice Magic
  8619 | D:8      | Killed a two-headed ogre
  8623 | D:8      | Noticed a two-headed ogre
  8629 | D:9      | Found Zujor's Armour Boutique.
  8794 | D:9      | Learned a level 4 spell: Summon Ice Beast
  8966 | D:9      | Reached skill level 1 in Summonings
  8966 | D:9      | Reached skill level 15 in Ice Magic
  9190 | D:9      | Reached XP level 10. HP: 30/50 MP: 7/16
  9302 | D:9      | Reached ** piety under Vehumet
  9302 | D:9      | Offered knowledge of Shock by Vehumet.
  9500 | D:9      | Noticed a two-headed ogre
  9507 | D:9      | Killed a two-headed ogre
  9782 | D:9      | Reached skill level 5 in Summonings
  9814 | D:9      | Noticed a two-headed ogre
  9822 | D:9      | Killed a two-headed ogre
  9985 | D:9      | Noticed a two-headed ogre
  9994 | D:9      | Killed a two-headed ogre
 10341 | D:10     | Entered Level 10 of the Dungeon
 10992 | D:10     | Reached skill level 1 in Fighting
 11130 | D:10     | Offered knowledge of Inner Flame by Vehumet.
 11283 | D:10     | Identified the +1 ring mail of Dephuit {Int-3 Dex+3 Slay+2} (You took it off an orc on level 10 of the Dungeon)
 11522 | D:10     | Reached *** piety under Vehumet
 12308 | D:11     | Noticed a manticore
 12457 | D:10     | Killed a manticore
 12641 | D:11     | Offered knowledge of Fulminant Prism by Vehumet.
 12718 | D:11     | Found a staircase to the Lair.
 12836 | D:11     | Reached XP level 11. HP: 52/62 MP: 4/17
 13084 | D:11     | Reached **** piety under Vehumet
 13093 | D:11     | Offered knowledge of Bolt of Draining by Vehumet.
 13102 | D:11     | Learned a level 5 spell: Bolt of Draining
 13151 | D:11     | Reached skill level 5 in Fighting
 13218 | D:11     | Reached skill level 1 in Necromancy
 13678 | Lair:1   | Entered Level 1 of the Lair of Beasts
 13816 | Lair:1   | Got a slimy leather armour
 13827 | Lair:1   | Identified the +1 leather armour of Lies {+Blink Str+8 Int-2} (You found it on level 1 of the Lair of Beasts)
 15334 | Lair:2   | Noticed an eight-headed hydra
 15347 | Lair:2   | Killed an eight-headed hydra
 15347 | Lair:2   | Reached skill level 5 in Necromancy
 15349 | Lair:2   | Reached skill level 5 in Conjurations
 15604 | Lair:1   | Reached ***** piety under Vehumet
 15759 | Lair:2   | Offered knowledge of Bolt of Cold by Vehumet.
 15899 | Lair:1   | Slain by a redback

Skill      XL: |  1  2  3  4  5  6  7  8  9 10 11 |
---------------+----------------------------------+-----
Ice Magic      | 4 5 6 7 9 10 12 15 | 15.0
Summonings     | 2 8 |  8.0
Fighting       | 4 5 |  5.0
Necromancy     | 5 |  5.8
Conjurations   | 5 |  5.4
Dodging        | |  2.4
Stealth        | |  2.4
Spellcasting   | |  3.0

Action                   |  1- 3 |  4- 6 |  7- 9 | 10-12 || total
-------------------------+-------+-------+-------+-------++-------
Melee: Unarmed           |     2 |     6 |       |       ||     8
       Mace              |       |     7 |       |       ||     7
       Quarterstaff      |       |    69 |   185 |    89 ||   343
       Kick              |       |       |    23 |    58 ||    81
       Spear             |       |       |       |   207 ||   207
 Cast: Freeze            |    47 |    98 |   152 |    62 ||   359
       Ozocubu's Armour  |       |     9 |    22 |    47 ||    78
       Summon Ice Beast  |       |       |     5 |   104 ||   109
 Abil: Evoke Blink       |       |       |       |     1 ||     1
Evoke: Wand              |       |       |     7 |     8 ||    15
  Use: Scroll            |       |     1 |     7 |     8 ||    16
       Potion            |       |     6 |       |     2 ||     8
 Stab: Sleeping          |       |     3 |     5 |     2 ||    10
       Petrifying        |       |     2 |       |       ||     2
       Petrified         |       |     2 |       |       ||     2
       Confused          |       |     1 |       |       ||     1
       Paralysed         |       |     1 |       |       ||     1
       Distracted        |       |       |       |     2 ||     2
  Eat: Chunk             |     1 |     9 |    15 |    22 ||    47
       Ration            |       |       |     1 |     9 ||    10
Armor: Robe              |     3 |    26 |       |       ||    29
       Ring mail         |     7 |     2 |       |       ||     9
       Leather armour    |       |    19 |   185 |   164 ||   368
       Skin              |       |     1 |       |       ||     1
Dodge: Dodged            |    20 |    94 |   239 |   212 ||   565
Block: Buckler           |       |       |       |    30 ||    30
